 Dungeon Crawl Stone Soup version 0.29.0-13-gc9e81de378 (webtiles) character file.

Game seed: 13417496944821641316

3710 Persephone the Basher (level 10, 0/66 HPs)
             Began as a Gargoyle Berserker on Sept 7, 2022.
             Was a Believer of Trog.
             Slain by a death yak (4 damage)
             ... on level 8 of the Dungeon.
             The game lasted 00:11:21 (8418 turns).

Persephone the Basher (Gargoyle Berserker)          Turns: 8418, Time: 00:11:23

Health: 0/66       AC: 16    Str: 25    XL:     10   Next: 14%
Magic:  10/10      EV: 15    Int:  8    God:    Trog [**....]
Gold:   370        SH:  0    Dex:  9    Spells: 9/9 levels left

rFire   . . .      SeeInvis .   q - +2 flail (holy)
rCold   + . .      Faith    .   (no shield)
rNeg    + . .      Spirit   .   p - +1 ring mail {rC+}
rPois   ∞          Reflect  .   (no helmet)
rElec   +          Harm     .   e - +0 cloak
rCorr   .          Rampage  .   B - +1 pair of gloves
Will    .....                   (no boots)
Stlth   ..........              (no amulet)
HPRegen 0.21/turn               n - +4 ring of evasion
MPRegen 0.12/turn               (no ring)

@: on berserk cooldown, slowed, very slow
A: sickness immunity, AC +7, negative energy resistance 1, electricity
resistance, torment resistance 1, petrification resistance
a: Renounce Religion, Berserk, Trog's Hand


You were on level 8 of the Dungeon.
You worshipped Trog.
Trog was pleased with you.
You visited 1 branch of the dungeon, and saw 8 of its levels.

You collected 370 gold pieces.

Inventory:

Hand Weapons
 q - a +2 flail of holy wrath (weapon)
 y - a +0 morningstar
Armour
 e - a +0 cloak (worn)
 p - a +1 ring mail of cold resistance (worn)
 B - a +1 pair of gloves (worn)
Jewellery
 n - a +4 ring of evasion (left hand)
Wands
 o - a wand of flame (19)
Scrolls
 c - 6 scrolls of identify
 i - 3 scrolls of teleportation
 s - 2 scrolls of immolation
 t - 2 scrolls of poison
 x - a scroll of fog
Potions
 a - 3 potions of magic
 b - 2 potions of lignification {unknown}
 d - 2 potions of resistance {unknown}
 g - 3 potions of attraction {unknown}
 h - 2 potions of flight {unknown}
 j - 2 potions of curing {unknown}
 m - 2 potions of mutation {unknown}
 r - a potion of invisibility {unknown}
 u - a potion of ambrosia {unknown}
 w - 2 potions of heal wounds {unknown}
 z - 2 potions of brilliance {unknown}


   Skills:
 + Level 9.6 Fighting
 * Level 12.0 Maces & Flails
 - Level 2.1 Armour
 - Level 1.5 Dodging


You had 9 spell levels left.
You didn't know any spells.
Your spell library was empty.

Dungeon Overview and Level Annotations

Branches:
Dungeon (8/15)             Temple (0/1) D:5            Lair (0/5) D:8

Altars:
Gozag
Hepliaklqana
Okawaru
Qazlal
Ru
Sif Muna
Trog
Xom


Innate Abilities, Weirdness & Mutations

You are immune to sickness and miasma.
Your stone body is resilient. (AC +7)
You are immune to poison.
You resist negative energy. (rN+)
You are resistant to electric shocks. (rElec)
You are resistant to unholy torment.
You are immune to petrification.


Message History

The death yak barely misses you.
You sock the death yak!
The death yak is almost dead.
You sock the death yak!
You kill the death yak!
Trog accepts your kill.
Your Maces & Flails skill increases to level 12!
You have reached level 10!
You barely miss the death yak. You hit the death yak but do no damage.
The death yak closely misses you.
You barely miss the death yak. You sock the death yak!
The death yak is moderately wounded.
The death yak gores you but does no damage.
You hit the death yak.
The death yak is moderately wounded.
You hit the death yak but do no damage.
The death yak is moderately wounded.
The death yak gores you!!
You thump the death yak!
The death yak is moderately wounded.
You feel a strong urge to attack something.
You feel the effects of Trog's Hand fading.
The death yak snorts and paws the ground.
You are no longer berserk.
You are exhausted.
You feel yourself slow down. The death yak attacks as you move away!
The death yak gores you but does no damage.
Your skin stops crawling.
You feel less strong-willed.
The death yak gores you but does no damage.
The death yak misses you. The death yak attacks as you move away!
The death yak gores you! The death yak gores you!!
* * * LOW HITPOINT WARNING * * *
The death yak attacks as you move away! The death yak misses you.
The death yak attacks as you move away!
The death yak gores you but does no damage.
The death yak attacks as you move away! The death yak gores you.
You die...

#.#...)))..#
#.#.######.#
#.#.# #.#
#.#.# #.#
#.#.# #.#
######.#.#
#.#
.........#
#.#
#####...#
#.#
#Y@<#.[.#
#.#
#.###...#
#.#
##########Y#
#...# #.#
.......Y.Y.#
#...# #.#
####...Y####
#...#
####.### ..
#....# #...#
#......# ..
#....# #.|.#
#.###### ..
#....# #...#
#.# ..
#.Y..# #...#
#.#


You could see 3 death yaks.

Vanquished Creatures
  A death yak (D:8)
  Maggie (D:7)
  Prince Ribbit (D:7)
  Grinder (D:4)
  A steam dragon (D:5)
  Duvessa (D:7)
  The ghost of freelancePsychic the Sneak, an amateur KoHW (D:3)
  An orc warrior (D:7)
  2 sky beasts
  2 ice beasts
  3 black bears (D:4)
  4 centaurs
  A phantom (D:6)
  A bullfrog (D:6)
  A necrophage (D:5)
  2 scorpions
  Dowan (D:7)
  A howler monkey (D:8)
  2 orc priests
  6 hounds
  3 jellies
  5 iguanas
  4 orc wizards
  9 adders
  2 shadow imps (D:5)
  An ufetubus (D:5)
  3 dart slugs
  2 worms
  17 orcs
  2 endoplasms
  3 giant cockroaches
  6 goblins
  10 hobgoblins
  4 jackals (D:1)
  5 kobolds
  2 quokkas
  5 ball pythons
  6 bats
  2 frilled lizards
  8 rats
133 creatures vanquished.

Notes
Turn   | Place    | Note
-------+----------+-------------------------------------------
     0 | D:1      | Persephone the Gargoyle Berserker began the quest for the
                  | Orb.
     0 | D:1      | Reached XP level 1. HP: 14/14 MP: 1/1
    70 | D:1      | Reached XP level 2. HP: 5/19 MP: 2/2
  1039 | D:1      | Found a faded altar of an unknown god.
  1052 | D:1      | Reached XP level 3. HP: 24/24 MP: 3/3
  1460 | D:2      | Reached skill level 4 in Maces & Flails
  2093 | D:2      | Reached ** piety under Trog
  2274 | D:2      | Reached XP level 4. HP: 28/29 MP: 4/4
  2798 | D:3      | Identified the +5 sling of Bostril {freeze, *Slow Str+5
                  | Dex+5}
  2908 | D:3      | Found a stormy altar of Qazlal.
  3008 | D:3      | Found an iron altar of Okawaru.
  3163 | D:3      | Found a runed translucent door.
  3166 | D:3      | Noticed freelancePsychic's ghost (amateur KoHW)
  3247 | D:3      | Killed freelancePsychic's ghost
  3248 | D:3      | Reached skill level 5 in Maces & Flails
  3248 | D:3      | Reached XP level 5. HP: 34/34 MP: 5/5
  3336 | D:4      | Found a sacrificial altar of Ru.
  3720 | D:4      | Found a shimmering blue altar of Sif Muna.
  3723 | D:4      | Noticed a black bear
  3731 | D:4      | Killed a black bear
  3732 | D:4      | Reached skill level 5 in Fighting
  3732 | D:4      | Reached XP level 6. HP: 40/40 MP: 6/6
  3774 | D:4      | Noticed a black bear
  3779 | D:4      | Killed a black bear
  3780 | D:4      | Reached skill level 6 in Maces & Flails
  3948 | D:4      | Found a bloodstained altar of Trog.
  3973 | D:4      | Reached XP level 7. HP: 41/44 MP: 7/7
  4368 | D:4      | Noticed Grinder
  4386 | D:4      | Killed Grinder
  4387 | D:4      | Reached skill level 7 in Maces & Flails
  4493 | D:5      | Entered Level 5 of the Dungeon
  4493 | D:5      | Found a staircase to the Ecumenical Temple.
  4676 | D:5      | Reached XP level 8. HP: 48/52 MP: 8/8
  4685 | D:5      | Reached skill level 8 in Maces & Flails
  5121 | D:5      | Found a large runed translucent door.
  5121 | D:5      | Found a large runed translucent door.
  5506 | D:5      | Found an opulent altar of Gozag.
  5520 | D:5      | Found a hazy altar of Hepliaklqana.
  5881 | D:6      | Reached skill level 9 in Maces & Flails
  5949 | D:6      | Reached XP level 9. HP: 41/58 MP: 9/9
  5977 | D:6      | Reached skill level 10 in Maces & Flails
  7056 | D:7      | Noticed Maggie
  7056 | D:7      | Noticed Dowan
  7057 | D:7      | Noticed Duvessa
  7107 | D:7      | Identified the +4 short sword of Dengumoll {vamp, *Slow Fly
                  | Int+4 Dex+4}
  7119 | D:7      | Found a shimmering altar of Xom.
  7119 | D:7      | Noticed Prince Ribbit
  7120 | D:7      | Found a shimmering altar of Xom.
  7120 | D:7      | Found a shimmering altar of Xom.
  7120 | D:7      | Found a shimmering altar of Xom.
  7135 | D:7      | Killed Prince Ribbit
  7235 | D:7      | Found a shimmering altar of Xom.
  7236 | D:7      | Found a shimmering altar of Xom.
  7237 | D:7      | Found a shimmering altar of Xom.
  7363 | D:7      | Noticed a polar bear
  7372 | D:7      | Killed Maggie
  7373 | D:7      | Reached skill level 11 in Maces & Flails
  7414 | D:7      | Noticed an orb spider
  7414 | D:7      | a polar bear changed into an orb spider
  7431 | D:7      | Noticed a manticore
  7431 | D:7      | an orb spider changed into a manticore
  7453 | D:7      | Noticed a fire crab
  7453 | D:7      | a manticore changed into a fire crab
  7463 | D:7      | a fire crab changed into a floating eye
  7470 | D:7      | Noticed a hornet
  7470 | D:7      | a warg changed into a hornet
  7486 | D:7      | a hornet changed into a redback
  7532 | D:7      | Noticed a glowing orange brain
  7532 | D:7      | a dream sheep changed into a glowing orange brain
  7534 | D:7      | Noticed a faun
  7534 | D:7      | a redback changed into a faun
  7555 | D:7      | Noticed a shock serpent
  7555 | D:7      | a glowing orange brain changed into a shock serpent
  7571 | D:7      | Noticed a cyclops
  7571 | D:7      | a shock serpent changed into a cyclops
  7575 | D:7      | Killed Duvessa
  7584 | D:7      | Killed Dowan
  7586 | D:7      | Noticed a deep troll
  7586 | D:7      | a faun changed into a deep troll
  7602 | D:7      | Noticed a boulder beetle
  7602 | D:7      | a cyclops changed into a boulder beetle
  7606 | D:7      | Noticed an anaconda
  7606 | D:7      | a deep troll changed into an anaconda
  7626 | D:7      | Noticed a two-headed ogre
  7626 | D:7      | an anaconda changed into a two-headed ogre
  7649 | D:7      | Noticed an anaconda
  7649 | D:7      | a boulder beetle changed into an anaconda
  7650 | D:7      | Noticed a tyrant leech
  7650 | D:7      | an anaconda changed into a tyrant leech
  8376 | D:8      | Noticed a death yak
  8379 | D:8      | Found a staircase to the Lair.
  8379 | D:8      | Noticed a death yak
  8379 | D:8      | Noticed a death yak
  8379 | D:8      | Noticed a death yak
  8380 | D:8      | Noticed a death yak
  8391 | D:8      | Noticed a death yak
  8395 | D:8      | Noticed a death yak
  8398 | D:8      | Killed a death yak
  8399 | D:8      | Reached skill level 12 in Maces & Flails
  8399 | D:8      | Reached XP level 10. HP: 58/66 MP: 10/10
  8415 | D:8      | HP: 3/66 [death yak (18)]
  8418 | D:8      | Slain by a death yak

Illustrated notes

Levels and vault maps discovered:
D:1:      minmay_arrival_four_houses, layout_basic,
          chequers_ecumenical_altar_simple_redux
D:2:      layout_loops_ring, serial_aquarium, aquarium_bridge_straight
          [aquarium_subvault_bridge, aquarium_subvault_window,
          aquarium_subvault_bridge, aquarium_subvault_wall],
          aquarium_window_fake, aquarium_window_1, aquarium_window_corridor_3,
          aquarium_window_2, aquarium_view_2d, aquarium_view_2g,
          aquarium_balcony_3a, aquarium_pool_1
D:3:      layout_loops_ring, mainiacjoe_overflow_chevrons,
          mainiacjoe_overflow_alcove_1, ebering_ghost_reflecting_pool
D:4:      nicolae_cairo_tiling, layout_basic, nicolae_ru_awakened_eye,
          overflow_temple_1_default, lemuel_crystal_altar, uniq_grinder
D:5:      layout_cave_pools, jmf_multi_god_temple2,
          minmay_temple_entry_gardened_gates, minmay_fractal_squares_gapless_5
D:6:      layout_loops_ring, nicolae_eternal_life, minmay_fractal_squares_5
D:7:      layout_cave_pools, xom_shifter_show, feat_on_display, uniq_duvessa,
          uniq_maggie, uniq_prince_ribbit1
D:8:      layout_basic, ashenzari_altar_1, dpeg_lair_monsters, serial_demonic,
          serial_demonic_f, serial_demonic_b, serial_demonic_c, serial_demonic_d

Skill      XL: |  1  2  3  4  5  6  7  8  9 |
---------------+----------------------------+-----
Maces & Flails | 4 5 6 7 9 12 | 12.0
Fighting       | 4 5 6 7 9 |  9.6
Armour         | |  2.1
Dodging        | |  1.5

Action                   |  1- 3 |  4- 6 |  7- 9 | 10-12 || total
-------------------------+-------+-------+-------+-------++-------
Melee: Mace              |   161 |    68 |       |       ||   229
       Punch             |       |     1 |     2 |       ||     3
       Flail             |       |    25 |   311 |     7 ||   343
Invok: Berserk           |     1 |     3 |     9 |       ||    13
       Trog's Hand       |       |     1 |     4 |       ||     5
  Use: Scroll            |       |       |    10 |       ||    10
 Stab: Sleeping          |     1 |       |       |       ||     1
Armor: Animal skin       |    61 |    25 |       |       ||    86
       Ring mail         |       |    18 |   195 |     4 ||   217
Dodge: Dodged            |   134 |    54 |   191 |     3 ||   382
